 Dungeon Crawl Stone Soup version 0.29.0-11-gd7f09526c8 (console) character file.

Game seed: 5466889487925882410

5033 jejorda2 the Carver (level 10, -10/76 HPs)
             Began as a Vampire Fighter on Sept 3, 2022.
             Was a Follower of Nemelex Xobeh.
             Killed from afar by an acid dragon (15 damage)
             ... with a splash of acid
             ... on level 7 of the Dungeon.
             The game lasted 00:21:06 (7091 turns).

jejorda2 the Carver (Vampire Fighter)               Turns: 7091, Time: 00:21:07

Health: -10/76     AC: 13    Str: 15    XL:     10   Next: 30%
Magic:  14/14      EV: 21    Int: 10    God:    Nemelex Xobeh [*.....]
Gold:   317        SH:  6    Dex: 19    Spells: 9/9 levels left

rFire   . . .      SeeInvis +   a - +0 long sword
rCold   . . .      Faith    .   c - +0 buckler
rNeg    . . .      Spirit   .   t - +0 chain mail
rPois   .          Reflect  .   (no helmet)
rElec   .          Harm     .   (no cloak)
rCorr   .          Rampage  .   r - +2 pair of gloves
Will    +....                   b - +0 pair of boots
Stlth   ..........              g - amulet of the acrobat
HPRegen 0.42/turn               (no ring)
MPRegen 0.14/turn               (no ring)

@: about to teleport, acrobatic, healing quickly
A: alive, fangs 3, see invisible, vampiric 2
a: Exsanguinate, Renounce Religion, Draw Escape, Draw Destruction, Draw
Summoning


You were on level 7 of the Dungeon.
You worshipped Nemelex Xobeh.
Nemelex Xobeh was aware of your devotion.
You visited 2 branches of the dungeon, and saw 8 of its levels.

You collected 317 gold pieces.

Inventory:

Hand Weapons
 a - a +0 long sword (weapon)
Missiles
 f - 11 stones (quivered)
 k - 3 javelins
 p - 14 poisoned darts
Armour
 b - a +0 pair of boots (worn)
 c - a +0 buckler (worn)
 n - a +0 plate armour
 r - a +2 pair of gloves (worn)
 t - a +0 chain mail (worn)
Jewellery
 g - an amulet of the acrobat (around neck)
 j - a ring of ice
Wands
 x - a wand of roots (10)
Scrolls
 d - a scroll of fear
 e - a scroll of enchant armour
 i - 2 scrolls of amnesia
 m - 2 scrolls of silence
 u - 4 scrolls of teleportation
Potions
 h - a potion of flight
 l - 2 potions of lignification
 o - a potion of cancellation
 q - a potion of invisibility {unknown}
 v - a potion of haste
 w - a potion of brilliance {unknown}


   Skills:
 - Level 6.0 Fighting
 * Level 10.9 Long Blades
 - Level 2.4 Armour
 + Level 6.7 Shields
 + Level 5.6 Invocations


You had 9 spell levels left.
You didn't know any spells.
Your spell library contained the following spells:

 Spells                   Type           Power      Damage    Failure   Level
 Beastly Appendage        Tmut           0%         N/A       100%        1
 Foxfire                  Conj/Fire      0%         2x1d4     100%        1
 Shock                    Conj/Air       0%         1d3       100%        1
 Sublimation of Blood     Necr           0%         N/A       100%        2
 Wereblood                Tmut           0%         N/A       100%        2
 Conjure Flame            Conj/Fire      0%         6-21      100%        3
 Inner Flame              Hex/Fire       0%         N/A       100%        3
 Spider Form              Tmut/Pois      0%         N/A       100%        3
 Swiftness                Air            0%         N/A       100%        3
 Airstrike                Air            0%         2d(0-16)  100%        4
 Flame Wave               Conj/Fire      0%         2d4       100%        4
 Petrify                  Tmut/Erth      0%         N/A       100%        4
 Metabolic Englaciation   Hex/Ice        0%         N/A       100%        5
 Statue Form              Tmut/Erth      0%         N/A       100%        6
 Summon Hydra             Summ           0%         N/A       100%        7


Dungeon Overview and Level Annotations

Branches:
Dungeon (7/15)             Temple (1/1) D:5

Altars:
Ashenzari
Dithmenos
Fedhas
Gozag
Hepliaklqana
Kikubaaqudgha
Makhleb
Nemelex Xobeh
Okawaru
Ru
Sif Muna
Trog
Uskayaw
Vehumet
Wu Jian
Xom
Yredelemnul

Shops:
D:1 (   D:2 [   D:7 (


Innate Abilities, Weirdness & Mutations

Your natural rate of healing is accelerated.
You have razor-sharp teeth.
You have supernaturally acute eyesight. (SInv)
You are afflicted with vampirism and can become a bat while bloodless.


Message History

You catch the helpless two-headed ogre completely off-guard!
You hit the two-headed ogre.
Your attack snaps the two-headed ogre out of its fear.
You bite the two-headed ogre.
The two-headed ogre is almost dead.
Aiming: Fastroot
Press: ? - help, Shift-Dir - straight line, f/p - two-headed ogre
Aim: a two-headed ogre, wielding a +0 dire flail and a +0 giant club (almost dead, fleeing)
The roots erupt in riotous growth!
Roots grab the two-headed ogre.
The grasping roots constrict the two-headed ogre.
You hear a roar!
The two-headed ogre escapes!
Aiming: Fastroot
Press: ? - help, Shift-Dir - straight line, f/p - two-headed ogre
Aim: a two-headed ogre, wielding a +0 dire flail and a +0 giant club (almost dead, fleeing)
The roots erupt in riotous growth!
Roots grab the two-headed ogre.
The grasping roots constrict the two-headed ogre.
The two-headed ogre struggles to escape constriction.
Throw: 4 javelins
Press: ? - help, Shift-Dir - straight line, f/p - two-headed ogre
Aim: a two-headed ogre, wielding a +0 dire flail and a +0 giant club (almost dead, fleeing, constricted by roots, 94% to hit)
You throw a javelin.
The javelin pierces through the two-headed ogre but does no damage.
The two-headed ogre is almost dead.
The grasping roots constrict the two-headed ogre!
You kill the two-headed ogre!
You start resting.
An acid dragon comes into view.
An acid dragon is nearby!
As you read the scroll of teleportation, it crumbles to dust.
You feel strangely unstable. The acid dragon spits acid at you.
The splash of acid hits you.
* * * LOW HITPOINT WARNING * * *
The acid dragon spits acid at you. The splash of acid hits you!
You die...
Your body glows slightly and disappears.

#...##.#.#.#..###..####... #
##...##.#.#.#.#.)#####..#.# #
###....##.#.#.#..##.###.#.##) #
#......##.#.#..#####))#..#..#
#####......##.#..####..###)##.##.
...##......##..####...D.####.##.#
...##......#.####....)(#,,*###.#.
...........#†##....#...#,*,,*###.
...##......##†..@.###..#,,*,,,*##
.).##......####.....#..#,*,,,*,,*
...##......#**###......#,,*,,,*,,
#####......#*,* ###....#,*,,,*,,*
#####......#*,** ###..#,,*,,,***
...........#*,,**** ####,*,,***,,
########...#***,,,******,,***,,,,
# #####...# *,*,,,,,,,***,,,,.. #
##.......#***,,,*******,,,,,,##


You could see an acid dragon (catching breath).

Vanquished Creatures
  A two-headed ogre (D:7)
  Pikel (D:6)
  Joseph (D:7)
  A steam dragon (D:7)
  A water moccasin (D:6)
  5 black bears
  3 ogres
  5 sky beasts (D:7)
  An ice beast (D:7)
  3 centaurs
  3 lemures (D:6)
  A phantom (D:4)
  A kobold brigand (D:7)
  5 bullfrogs
  4 necrophages
  5 scorpions
  A howler monkey (D:7)
  5 hounds
  2 jellies
  A gnoll bouda (D:5)
  An orc priest (D:7)
  7 iguanas
  5 orc wizards
  11 gnolls
  10 adders
  A shadow imp (D:7)
  3 white imps
  An ufetubus (D:5)
  4 worms
  3 dart slugs
  23 orcs
  3 bats
  9 endoplasms
  3 giant cockroaches
  8 goblins
  8 hobgoblins
  A jackal (D:6)
  3 kobolds
  4 quokkas
  6 ball pythons
  3 frilled lizards
  4 rats
171 creatures vanquished.

Vanquished Creatures (others)
  6 plants (D:5)
6 creatures vanquished.

Grand Total: 177 creatures vanquished

Notes
Turn   | Place    | Note
-------+----------+-------------------------------------------
     0 | D:1      | jejorda2 the Vampire Fighter began the quest for the Orb.
     0 | D:1      | Reached XP level 1. HP: 17/17 MP: 1/1
   159 | D:1      | Reached XP level 2. HP: 18/24 MP: 2/2
   369 | D:1      | Found Muladdek's Weapon Shop.
   739 | D:2      | Gained mutation: You are afflicted with vampirism and can
                  | become a bat while bloodless. [Vampire growth]
   739 | D:2      | Reached XP level 3. HP: 29/29 MP: 3/3
   741 | D:2      | Reached skill level 3 in Long Blades
   806 | D:2      | Found a faded altar of an unknown god.
   992 | D:2      | Found Sokly's Armour Shop.
  1242 | D:2      | Reached XP level 4. HP: 37/37 MP: 4/4
  2047 | D:3      | Found an opulent altar of Gozag.
  2070 | D:3      | Reached XP level 5. HP: 42/42 MP: 3/5
  2144 | D:3      | Reached skill level 4 in Long Blades
  2918 | D:4      | Noticed a black bear
  2934 | D:4      | Killed a black bear
  2935 | D:4      | Reached XP level 6. HP: 19/50 MP: 2/6
  3253 | D:4      | Reached skill level 5 in Fighting
  3253 | D:4      | Reached skill level 5 in Long Blades
  3491 | D:5      | Entered Level 5 of the Dungeon
  3758 | D:5      | Reached XP level 7. HP: 26/56 MP: 2/7
  3958 | D:5      | Found a hazy altar of Hepliaklqana.
  4051 | D:5      | Found a staircase to the Ecumenical Temple.
  4069 | Temple   | Entered the Ecumenical Temple
  4111 | Temple   | Became a worshipper of Nemelex Xobeh the Trickster
  4159 | D:5      | Reached skill level 6 in Long Blades
  4481 | D:5      | Reached skill level 1 in Invocations
  4797 | D:6      | Found an ancient bone altar of Kikubaaqudgha.
  4818 | D:6      | Reached XP level 8. HP: 52/64 MP: 9/9
  4857 | D:6      | Reached skill level 7 in Long Blades
  4958 | D:6      | Reached * piety under Nemelex Xobeh
  5017 | D:6      | Found a shimmering altar of Xom.
  5017 | D:6      | Found a shimmering blue altar of Sif Muna.
  5140 | D:6      | Found a basalt altar of Yredelemnul.
  5142 | D:6      | Found an ornate altar of the Wu Jian Council.
  5348 | D:6      | Reached skill level 8 in Long Blades
  5422 | D:6      | Received a gift from Nemelex Xobeh
  5819 | D:6      | Noticed Pikel
  5829 | D:6      | Killed Pikel
  5830 | D:6      | Reached skill level 5 in Shields
  5830 | D:6      | Reached XP level 9. HP: 65/69 MP: 11/11
  6104 | D:7      | Reached skill level 9 in Long Blades
  6202 | D:7      | Found Quogguopp's Antique Weapon Boutique.
  6571 | D:7      | Reached skill level 10 in Long Blades
  6661 | D:7      | Reached skill level 5 in Invocations
  6665 | D:7      | Noticed Joseph
  6680 | D:7      | Killed Joseph
  6681 | D:7      | Reached XP level 10. HP: 37/76 MP: 13/13
  7065 | D:7      | Noticed a two-headed ogre
  7079 | D:7      | HP: 3/76 [two-headed ogre/+0 dire flail (13)]
  7084 | D:7      | Killed a two-headed ogre
  7091 | D:7      | Killed from afar by an acid dragon

Illustrated notes

Levels and vault maps discovered:
D:1:      dpeg_arrival_shelter, layout_basic, serial_shops,
          nicolae_shop_bloodbath_and_beyond, minmay_cupped
D:2:      layout_basic, nicolae_ecumenical_lake_church, serial_shops, shop,
          minmay_hexomino_f4
D:3:      layout_loops_corners, mainiacjoe_overflow_small_starburst,
          grunt_ministairs_4, minmay_surrounded
D:4:      black_bear_nest_1, layout_rooms, chequers_mini_garden
D:5:      layout_loops_corners, mainiacjoe_overflow_surrounded_room,
          minmay_temple_entry_statues_pillars, serial_bayou_pond_b
D:6:      layout_loops_cross, old_standard_altar, grunt_temple_overflow_open,
          uniq_pikel
D:7:      minmay_the_grid_triangle_9x9_rhombus_full
          [minmay_the_grid_triangle_9x9_stretched_checkered,
          minmay_the_grid_triangle_9x9_flanged_cone,
          minmay_the_grid_triangle_9x9_negative_grid,
          minmay_the_grid_triangle_9x9_alien,
          minmay_the_grid_triangle_9x9_corruption,
          minmay_the_grid_triangle_9x9_zippers_horizontal,
          minmay_the_grid_triangle_9x9_pentomino_pain,
          minmay_the_grid_triangle_9x9_prize_center], layout_rooms,
          kennysheep_windowed_goal, uniq_joseph
Temple:   nicolae_temple_ecumenical_triangle

Skill      XL: |  1  2  3  4  5  6  7  8  9 |
---------------+----------------------------+-----
Fighting       | 3 4 5 6 |  6.0
Long Blades    | 3 4 5 6 8 10 | 10.9
Shields        | 3 5 6 |  6.7
Invocations    | 1 3 5 |  5.6
Armour         | |  2.4

Action                   |  1- 3 |  4- 6 |  7- 9 | 10-12 || total
-------------------------+-------+-------+-------+-------++-------
Melee: Long sword        |   124 |   156 |   454 |    66 ||   800
       Bite              |    11 |    27 |    62 |     9 ||   109
Throw: Dart              |       |    12 |     8 |       ||    20
       Stone             |       |       |    52 |    21 ||    73
       Javelin           |       |       |     2 |     3 ||     5
       Throwing net      |       |       |     1 |       ||     1
Invok: Draw Destruction  |       |       |     9 |       ||     9
       Draw Summoning    |       |       |       |     1 ||     1
Evoke: Wand              |       |       |       |     4 ||     4
  Use: Potion            |       |     3 |     2 |       ||     5
       Scroll            |       |    10 |     5 |     2 ||    17
 Stab: Held in net/web   |       |       |     3 |       ||     3
       Fleeing           |       |       |       |     1 ||     1
Armor: Scale mail        |    27 |       |       |       ||    27
       Plate armour      |    58 |       |       |       ||    58
       Chain mail        |       |    94 |   236 |    24 ||   354
       Skin              |       |       |    20 |       ||    20
Dodge: Dodged            |    41 |    60 |   137 |    11 ||   249
Block: Buckler           |    23 |    34 |   109 |     9 ||   175
